 Dungeon Crawl Stone Soup version 0.29-a0-582-ge82337ba6a (webtiles) character file.

Game seed: 5933690360222259683

134303 dolemite99 the Executioner (level 18, -7/249 HPs)
             Began as a Meteoran Fighter on June 15, 2022.
             Was an Elder of Okawaru.
             Mangled by a naga warrior
             ... wielding a +1 trident of venom
              (18 damage)
             ... on level 4 of the Snake Pit.
             The game lasted 00:51:28 (17659 turns).

dolemite99 the Executioner (Meteoran Fighter)      Turns: 17659, Time: 00:51:29

Health: -7/249     AC: 26    Str: 30    XL:     18   Next: 37%
Magic:  24/24      EV:  9    Int: 13    God:    Okawaru [****..]
Gold:   1077       SH:  0    Dex: 15    Spells: 13/17 levels left

rFire   + . .      SeeInvis .   b - +3 executioner's axe (drain)
rCold   . . .      Faith    +   (shield currently unavailable)
rNeg    + + .      Spirit   .   P - +2 chain mail {rPois}
rPois   +          Reflect  .   C - +0 helmet of Eternal Night {rN++}
rElec   .          Harm     .   (no cloak)
rCorr   .          Rampage  .   e - +2 pair of gloves
Will    +++..      NoTele   +   w - +2 pair of boots
Stlth   ..........              J - amulet "Sibuyps" {Faith Contam Str+4 Int+3}
HPRegen 0.51/turn               c - ring of willpower {=R}
MPRegen 0.19/turn               Q - ring of protection from fire

@: berserking, lethally poisoned (-7 -> -8), heroic, untranslocatable, glowing,
constricted, very quick
A: sense surroundings 3, otherworldly, glowing, explore regen
a: Renounce Religion, Heroism, Finesse


You were on level 4 of the Snake Pit.
You worshipped Okawaru.
Okawaru was greatly pleased with you.
You visited 6 branches of the dungeon, and saw 30 of its levels.
You also visited: Sewer.

You collected 2834 gold pieces.
You spent 1757 gold pieces at shops.

Inventory:

Hand Weapons
 a - a +2 dire flail
 b - a +3 executioner's axe of draining (weapon)
 F - a +0 broad axe
Missiles
 d - 26 atropa-tipped darts
 m - 13 silver javelins
 q - 27 javelins (quivered)
 r - 3 boomerangs of dispersal
 s - 24 boomerangs
 u - 32 poisoned darts
 I - 5 throwing nets
Armour
 e - a +2 pair of gloves (worn)
 o - a +0 kite shield
 w - a +2 pair of boots (worn)
 C - the +0 helmet of Eternal Night (worn) {rN++}
   (You bought it in a shop on level 2 of the Orcish Mines)

   rN:        It greatly protects you from negative energy.
 P - a +2 chain mail of poison resistance (worn)
 T - a +5 plate armour
 Y - the +10 plate armour "Uhutwef" {Harm Fly rF++ Dex-2}
   (Okawaru gifted it to you on level 1 of the Lair of Beasts)

   Dex:       It affects your dexterity (-2).
   rF:        It greatly protects you from fire.
   Fly:       It grants you flight.
   Harm:      It increases damage dealt and taken.
Magical Staves
 S - a staff of conjuration
Jewellery
 c - a ring of willpower (left hand) {=R}
 t - a +4 ring of protection
 B - a ring of see invisible
 J - the amulet "Sibuyps" (around neck) {Faith Contam Str+4 Int+3}
   (You acquired it on level 5 of the Lair of Beasts)

   [amulet of faith]

   It allows you to gain divine favour quickly.
   Str:       It affects your strength (+4).
   Int:       It affects your intelligence (+3).
   Contam:    It causes magical contamination when unequipped.
 Q - a ring of protection from fire (right hand)
 U - an amulet of the acrobat
 V - an amulet of reflection
 X - the ring of the Mage {Wiz Archmagi}
   (You found it on level 10 of the Dungeon)

   [ring of wizardry]

   It improves your spell success rate.
   Archmagi:  It increases the power of your magical spells.
Wands
 k - a wand of paralysis (9)
 G - a wand of polymorph (7)
 H - a wand of flame (10)
Scrolls
 l - a scroll of silence
 n - 7 scrolls of teleportation
 v - 5 scrolls of noise
 x - a scroll of magic mapping
 y - 6 scrolls of vulnerability
 z - a scroll of amnesia
 K - 2 scrolls of torment
 L - 2 scrolls of fog
 Z - 3 scrolls of enchant armour
Potions
 g - 6 potions of brilliance
 h - 4 potions of flight
 i - a potion of haste
 j - 4 potions of attraction
 p - 3 potions of mutation
 A - 4 potions of lignification
 D - 2 potions of magic
 E - 4 potions of cancellation
 R - a potion of invisibility
 W - 4 potions of berserk rage


   Skills:
 + Level 15.8(20.8) Fighting
 - Level 23.7(27) Axes
 - Level 15.3(20.3) Throwing
 + Level 13.4(18.4) Armour
 - Level 3.6(8.6) Shields
 - Level 7.7 Invocations


You had 13 spell levels left.
You knew the following spells:

 Your Spells              Type           Power      Damage    Failure   Level
a - Wereblood             Tmut           0%         N/A       78%         2
b - Passwall              Tmut/Erth      0%         N/A       78%         2

Your spell library contained the following spells:

 Spells                   Type           Power      Damage    Failure   Level
 Beastly Appendage        Tmut           0%         N/A       65%         1
 Foxfire                  Conj/Fire      0%         2x1d4     65%         1
 Sandblast                Erth           0%         2d4       65%         1
 Poisonous Vapours        Pois/Air       0%         N/A       78%         2
 Sublimation of Blood     Necr           0%         N/A       78%         2
 Conjure Flame            Conj/Fire      0%         6-21      95%         3
 Dazzling Flash           Conj/Hex       0%         N/A       95%         3
 Inner Flame              Hex/Fire       0%         N/A       95%         3
 Spider Form              Tmut/Pois      0%         N/A       95%         3
 Stone Arrow              Conj/Erth      0%         3d7       95%         3
 Airstrike                Air            0%         N/A       100%        4
 Anguish                  Hex/Necr       0%         N/A       100%        4
 Corpse Rot               Necr/Pois/Air  0%         N/A       100%        4
 Flame Wave               Conj/Fire      0%         2d4       100%        4
 Leda's Liquefaction      Hex/Erth       0%         N/A       100%        4
 Passage of Golubria      Tloc           0%         N/A       100%        4
 Petrify                  Tmut/Erth      0%         N/A       100%        4
 Agony                    Necr           0%         N/A       100%        5
 Irradiate                Conj/Tmut      0%         3d13      100%        5
 Lee's Rapid Deconstruct  Erth           0%         3d5*      100%        5
 Lightning Bolt           Conj/Air       0%         1d11      100%        5
 Silence                  Hex/Air        0%         N/A       100%        5
 Yara's Violent Unravell  Hex/Tmut       0%         3d3       100%        5
 Iron Shot                Conj/Erth      0%         9d1       100%        6
 Statue Form              Tmut/Erth      0%         N/A       100%        6
 Enfeeble                 Hex            0%         N/A       100%        7
 Orb of Destruction       Conj           0%         9d5       100%        7
 Summon Guardian Golem    Hex/Summ       Unusable   N/A       N/A         3
 Tukima's Dance           Hex            Unusable   N/A       N/A         3
 Summon Lightning Spire   Summ/Air       Unusable   N/A       N/A         4
 Spellforged Servitor     Conj/Summ      Unusable   N/A       N/A         7

Dungeon Overview and Level Annotations

Branches:
Dungeon (15/15)            Temple (1/1) D:4            Lair (6/6) D:8
  Snake (4/4) Lair:3          Orc (2/2) D:10            Elf (2/3) Orc:2
 Depths (0/4) D:15          Sewer (visited)
  Swamp: Lair:2-4    Shoals: Lair:2-4     Slime: Lair:5-6    Vaults: D:13-14

Altars:
Ashenzari
Elyvilon
Gozag
Nemelex Xobeh
Okawaru
Wu Jian
Yredelemnul
Beogh

Shops:
D:9 :   D:12 [   Orc:2 [(!!   Elf:1 (   Snake:3 (

Portals:
Trove: D:12 (give 6 scrolls of blinking)

Annotations:
D:4 3 runed translucent doors, bande's ghost, amateur GrFi
D:15 2 runed translucent doors
Lair:1 exclusion: oklob plant
Snake:4 Mara
Elf:1 6 runed translucent doors


Innate Abilities, Weirdness & Mutations

You passively map a large area around you.
You are easily found by Zot.
You glow in the dark.
You regain HP and MP as you explore.


Message History

The anaconda hisses angrily.
The nagaraja completely misses you. The nagaraja constricts you.
You barely miss the nagaraja.
The nagaraja is moderately wounded.
You feel sick. The nagaraja loses its grip on you.
You feel sick. The nagaraja misses you. x2
You closely miss the nagaraja.
The nagaraja is lightly wounded.
You closely miss the nagaraja.
You feel sick.
The nagaraja hits you with a +0 halberd!!
The nagaraja completely misses you. The nagaraja closely misses you.
The nagaraja grabs you. The nagaraja constricts you.
You slash the nagaraja! You drain the nagaraja.
The nagaraja is moderately wounded.
You chop the nagaraja into pieces!!! You drain the nagaraja.
The nagaraja completely misses you. The nagaraja spits poison at you.
The splash of poison hits you but does no damage.
You resist. The nagaraja constricts you.
The nagaraja hits you with a +0 halberd!!
* * * LOW HITPOINT WARNING * * *
You cannot teleport because you are locked down by a dimension anchor.
Unknown command.
The nagaraja's grasp on you weakens, but your attempt to escape fails.
You feel sick. The anaconda misses you. The anaconda bites you!
* * * LOW HITPOINT WARNING * * *
The nagaraja spits poison at you. The splash of poison misses you.
The nagaraja spits poison at you.
The splash of poison hits you but does no damage.
You resist. The nagaraja constricts you.
* * * LOW HITPOINT WARNING * * *
A red film seems to cover your vision as you go berserk!
You feel yourself moving faster!
You feel mighty!
You feel sick. The anaconda bites you.
* * * LOW HITPOINT WARNING * * *
The nagaraja hits you with a +0 halberd.
* * * LOW HITPOINT WARNING * * *
The naga warrior hits you from afar with a +1 trident of venom!!
You die...

.#.......#.N.....................
.'.≈≈≈≈≈.'.......................
.#.≈≈≈≈≈.N.........R.............
.'.≈≈≈N≈.÷÷..)..................#
)#.......#......................#
)##.....###...##........^........
)##.###. ##..###N................
### .# ..##...NS...............
##, *## ........@#..S......?.....
.# ,,...........N.........###...
## , .....................###...
# , ##....##..............##.## #
* ##.####.............####
#...#.............# #
#......(.........#*
##...............##
#.........)......##


You could see Mara, 2 nagarajas, a naga warrior and an anaconda.

Vanquished Creatures
  Kirke (Lair:6)
  3 nagarajas (Snake:4)
  A deep elf sorcerer (Elf:1)
  An orc warlord (Orc:2)
  3 deep elf demonologists (Elf:1)
  A deep elf death mage (Elf:1)
  Snorg (D:12)
  A deep elf high priest (Elf:1)
  A hydra (Lair:4)
  2 boulder beetles
  2 salamander tyrants (Snake:2)
  3 centaur warriors
  10 anacondas
  4 naga warriors
  A catoblepas (Lair:2)
  4 two-headed ogres
  14 death yaks
  3 dancing weapons (Elf:1)
  6 naga sharpshooters
  5 shock serpents
  6 deep elf knights (Elf:1)
  Nergalle (D:11)
  Amaemon (Lair:1)
  Lodul (D:11)
  A fire crab (shapeshifter) (Elf:1)
  A salamander mystic (Snake:2)
  10 sea snakes
  5 lindwurms
  9 naga ritualists
  4 deep elf archers (Elf:1)
  5 orc knights
  6 mana vipers
  8 deep elf zephyrmancers (Elf:1)
  14 deep elf pyromancers
  2 ugly things
  2 orc sorcerers
  3 cyclopes
  6 salamanders (Snake:2)
  2 guardian serpents
  6 naga magi
  6 elephants
  33 black mambas
  A torpor snail (Lair:3)
  A black mamba (shapeshifter) (D:15)
  Maurice (D:8)
  2 gargoyles
  8 cane toads
  An unseen horror (D:13)
  An orange demon (Lair:1)
  A kobold demonologist (D:11)
  9 komodo dragons
  3 yaktaurs (D:15)
  4 trolls
  A hornet (shapeshifter) (D:13)
  A polar bear (Lair:4)
  4 slime creatures
  29 blink frogs
  3 vampires
  3 wraiths
  A water elemental (Elf:1)
  3 fire elementals (Elf:1)
  3 hogs (Lair:6)
  A human (Lair:6)
  3 basilisks
  22 yaks
  3 wargs
  11 vampire mosquitoes
  An acid dragon (D:9)
  30 nagas
  16 water moccasins
  A hell hound (Lair:6)
  48 orc warriors
  Pargi (Sewer)
  2 sky beasts
  3 black bears
  10 wolves
  14 ogres
  11 centaurs
  A phantom (D:6)
  6 kobold brigands
  4 necrophages (D:6)
  8 bullfrogs
  4 scorpions
  An earth elemental (Elf:1)
  10 wights
  A killer bee (shapeshifter) (Elf:1)
  8 howler monkeys
  7 electric eels
  A jelly (D:7)
  A hound (D:4)
  28 orc priests
  28 orc wizards
  A gnoll (D:1)
  3 adders
  A river rat (D:5)
  2 shadow imps
  3 white imps
  3 worms
  3 dart slugs
  82 orcs
  3 endoplasms
  7 goblins
  11 hobgoblins
  5 jackals
  36 kobolds
  5 quokkas
  3 ball pythons
  4 bats
  4 frilled lizards
  2 rats
742 creatures vanquished.

Vanquished Creatures (others)
  A deep elf archer (Elf:1)
  An orc wizard (D:9)
  2 orcs (Orc:2)
  4 bushes (Lair:1)
  14 fungi
  54 plants
76 creatures vanquished.

Grand Total: 818 creatures vanquished

Notes
Turn   | Place    | Note
-------+----------+-------------------------------------------
     0 | D:1      | dolemite99 the Meteoran Fighter began the quest for the
                  | Orb.
     0 | D:1      | Reached XP level 1. HP: 19/19 MP: 2/2
    70 | D:1      | Reached skill level 3 in Axes
    70 | D:1      | Reached XP level 2. HP: 18/26 MP: 3/3
   261 | D:1      | Reached XP level 3. HP: 26/31 MP: 4/4
   276 | D:1      | Reached skill level 4 in Axes
   400 | D:2      | Reached XP level 4. HP: 38/38 MP: 5/5
   772 | D:2      | Reached skill level 5 in Axes
   817 | D:3      | Found an iron altar of Okawaru.
   821 | D:3      | Became a worshipper of Warmaster Okawaru
   890 | D:3      | Found a faded altar of an unknown god.
  1246 | D:4      | Found a runed translucent gate.
  1246 | D:4      | Found an opulent altar of Gozag.
  1247 | D:4      | Found a runed translucent gate.
  1247 | D:4      | Found a runed translucent gate.
  1249 | D:4      | Noticed an ice beast
  1249 | D:4      | Noticed bande's ghost (amateur GrFi)
  1270 | D:4      | Noticed a scorpion
  1282 | D:4      | Killed a scorpion
  1283 | D:4      | Reached skill level 6 in Axes
  1283 | D:4      | Reached XP level 5. HP: 27/45 MP: 6/6
  1442 | D:4      | Reached XP level 6. HP: 45/51 MP: 7/7
  1516 | D:4      | Found a staircase to the Ecumenical Temple.
  1545 | Temple   | Entered the Ecumenical Temple
  1702 | D:5      | Entered Level 5 of the Dungeon
  1719 | D:5      | Reached * piety under Okawaru
  1734 | D:5      | Reached skill level 7 in Axes
  1742 | D:5      | Found a glowing drain.
  1753 | Sewer    | Entered a sewer
  1804 | Sewer    | Noticed Pargi
  1821 | Sewer    | Killed Pargi
  2012 | D:5      | Noticed an ogre
  2017 | D:5      | Killed an ogre
  2018 | D:5      | Reached skill level 8 in Axes
  2018 | D:5      | Reached XP level 7. HP: 50/57 MP: 8/8
  2133 | D:5      | Reached ** piety under Okawaru
  2134 | D:5      | Reached skill level 9 in Axes
  2433 | D:5      | Reached XP level 8. HP: 46/63 MP: 9/9
  2671 | D:6      | Reached skill level 10 in Axes
  2802 | D:6      | Reached skill level 11 in Axes
  2819 | D:6      | Gained mutation: You passively map the area around you.
                  | [Meteoran growth]
  2819 | D:6      | Reached XP level 9. HP: 70/70 MP: 8/10
  2883 | D:6      | Reached *** piety under Okawaru
  3120 | D:6      | Reached skill level 5 in Invocations
  3461 | D:6      | Found an ornate altar of the Wu Jian Council.
  3725 | D:7      | Reached skill level 5 in Fighting
  3749 | D:7      | Received a gift from Okawaru
  3750 | D:7      | Reached XP level 10. HP: 28/83 MP: 13/16
  4081 | D:8      | Reached **** piety under Okawaru
  4198 | D:8      | Noticed Maurice
  4218 | D:8      | Killed Maurice
  4219 | D:8      | Reached skill level 5 in Armour
  4784 | D:7      | Glimpsed the power of Zot.
  4914 | D:9      | Found Cunoinast's Book Shop.
  4967 | D:9      | Reached XP level 11. HP: 88/95 MP: 15/17
  5124 | D:9      | Found a white marble altar of Elyvilon.
  5169 | D:9      | Found Ipeymah's Magic Scroll Shoppe.
  5244 | D:10     | Entered Level 10 of the Dungeon
  5319 | D:9      | Bought a scroll of fear for 42 gold pieces
  5319 | D:9      | Bought a scroll of fog for 24 gold pieces
  5319 | D:9      | Bought a scroll of teleportation for 36 gold pieces
  5319 | D:9      | Bought a scroll of teleportation for 36 gold pieces
  5319 | D:9      | Bought a scroll of teleportation for 36 gold pieces
  5319 | D:9      | Bought a scroll of brand weapon for 240 gold pieces
  5476 | D:10     | Reached skill level 10 in Armour
  5550 | D:10     | Reached ***** piety under Okawaru
  5551 | D:10     | Reached skill level 12 in Axes
  5562 | D:10     | Noticed a centaur warrior
  5570 | D:10     | Killed a centaur warrior
  5672 | D:11     | Found a basalt altar of Yredelemnul.
  5702 | D:11     | Noticed a two-headed ogre
  5702 | D:11     | Noticed a two-headed ogre
  5709 | D:11     | Killed a two-headed ogre
  5709 | D:11     | Identified the +7 rapier "Miwkih" {spect, Dex+4} (Okawaru
                  | gifted it to you on level 11 of the Dungeon)
  5709 | D:11     | Received a gift from Okawaru
  5710 | D:11     | Reached skill level 13 in Axes
  5713 | D:11     | Killed a two-headed ogre
  5714 | D:11     | Reached skill level 14 in Axes
  5796 | D:11     | Noticed a cyclops
  5808 | D:11     | Killed a cyclops
  5898 | D:11     | Noticed Lodul
  5906 | D:11     | Noticed a rust devil
  5915 | D:11     | Killed Lodul
  5916 | D:11     | Reached skill level 15 in Axes
  5916 | D:11     | Reached XP level 12. HP: 55/103 MP: 12/18
  6006 | D:12     | Found Hiekk's Armour Shop.
  6025 | D:12     | Bought a +4 plate armour for 450 gold pieces
  6089 | D:12     | Found a portal to a secret trove of treasure.
  6210 | D:11     | Reached skill level 16 in Axes
  6247 | D:11     | Noticed Nergalle
  6260 | D:11     | Killed Nergalle
  6379 | D:12     | You fall into a shaft and drop 3 floors!
  6379 | D:15     | Entered Level 15 of the Dungeon
  6392 | D:15     | Noticed a boulder beetle
  6405 | D:15     | Killed a boulder beetle
  6406 | D:15     | Reached skill level 17 in Axes
  6494 | D:15     | Noticed a centaur warrior
  6495 | D:15     | Found a runed translucent gate.
  6495 | D:15     | Found a runed translucent gate.
  6539 | D:13     | Noticed a deep elf pyromancer
  6547 | D:13     | Killed a deep elf pyromancer
  6716 | D:13     | Noticed a centaur warrior
  6729 | D:13     | Killed a centaur warrior
  6730 | D:13     | Reached skill level 10 in Fighting
  6810 | D:12     | Reached XP level 13. HP: 113/113 MP: 11/19
  6823 | D:12     | Identified the +6 trident "Huossog" {vorpal, rC+}
  6870 | D:12     | Noticed Snorg
  6886 | D:12     | Killed Snorg
  6978 | D:13     | Noticed a centaur warrior
  6988 | D:13     | Killed a centaur warrior
  7023 | D:13     | Noticed a boulder beetle
  7034 | D:13     | Killed a boulder beetle
  7655 | D:12     | Received a gift from Okawaru
  8332 | D:10     | Found a staircase to the Orcish Mines.
  8355 | D:10     | Found the ring of the Mage {Wiz Archmagi}
  8645 | D:10     | Found a sparkling altar of Nemelex Xobeh.
  8984 | D:8      | Noticed a death yak
  8985 | D:8      | Noticed a death yak
  8985 | D:8      | Noticed a death yak
  8985 | D:8      | Noticed a death yak
  8992 | D:8      | Killed a death yak
  8999 | D:8      | Killed a death yak
  9000 | D:8      | Reached skill level 18 in Axes
  9002 | D:8      | Noticed a death yak
  9002 | D:8      | Noticed a death yak
  9002 | D:8      | Noticed a death yak
  9003 | D:8      | Killed a death yak
  9011 | D:8      | Killed a death yak
  9013 | D:8      | Killed a death yak
  9017 | D:8      | Killed a death yak
  9018 | D:8      | Reached XP level 14. HP: 122/130 MP: 14/20
  9023 | D:8      | Found a staircase to the Lair.
  9032 | Lair:1   | Entered Level 1 of the Lair of Beasts
  9078 | Lair:1   | Reached skill level 19 in Axes
  9205 | Lair:1   | Identified the +10 plate armour "Uhutwef" {Harm Fly rF++
                  | Dex-2} (Okawaru gifted it to you on level 1 of the Lair of
                  | Beasts)
  9205 | Lair:1   | Received a gift from Okawaru
  9239 | Lair:1   | Found a broken altar of Ashenzari.
  9240 | Lair:1   | Found a gate leading to a gauntlet.
  9766 | Lair:1   | Noticed Amaemon
  9776 | Lair:1   | Killed Amaemon
 10150 | Lair:1   | Glimpsed the power of Zot.
 10197 | Lair:3   | Reached skill level 20 in Axes
 10292 | Lair:3   | Found a staircase to the Snake Pit.
 10395 | Lair:3   | Learned a level 2 spell: Wereblood
 10874 | Lair:4   | Reached skill level 21 in Axes
 11119 | Lair:4   | Reached XP level 15. HP: 104/137 MP: 18/21
 11401 | Lair:4   | Glimpsed the power of Zot.
 11451 | Lair:4   | Glimpsed the power of Zot.
 11529 | Lair:5   | Reached skill level 22 in Axes
 11885 | Lair:5   | Identified a scroll of acquirement
 11885 | Lair:5   | Acquired the amulet "Sibuyps" {Faith Contam Str+4 Int+3}
 12012 | Lair:5   | Glimpsed the power of Zot.
 12061 | Lair:6   | Entered Level 6 of the Lair of Beasts
 12061 | Lair:6   | Noticed Kirke
 12085 | Lair:6   | Noticed a sphinx
 12085 | Lair:6   | Killed Kirke
 12331 | Lair:5   | Reached skill level 23 in Axes
 12639 | Lair:5   | Glimpsed the power of Zot.
 12689 | Lair:5   | Glimpsed the power of Zot.
 12728 | Lair:3   | Glimpsed the power of Zot.
 12737 | Lair:3   | Glimpsed the power of Zot.
 12738 | Lair:3   | Touched by the power of Zot.
 12848 | Orc:1    | Entered Level 1 of the Orcish Mines
 12856 | Orc:1    | You are sucked into a shaft and drop 1 floor!
 12856 | Orc:2    | Entered Level 2 of the Orcish Mines
 13124 | Orc:2    | Found a staircase to the Elven Halls.
 13582 | Orc:2    | Received a gift from Okawaru
 13603 | Orc:2    | Found Caczet's Distillery.
 13603 | Orc:2    | Found Lurphacon's Weapon Shop.
 13605 | Orc:2    | Found Kelaph's Antique Armour Boutique.
 13607 | Orc:2    | Found Mutsawk's Distillery.
 13617 | Orc:2    | Bought a smoking helmet for 275 gold pieces
 13617 | Orc:2    | Identified the +0 helmet of Eternal Night {rN++} (You
                  | bought it in a shop on level 2 of the Orcish Mines)
 13634 | Orc:2    | Bought a potion of curing for 36 gold pieces
 13636 | Orc:2    | Bought a potion of berserk rage for 70 gold pieces
 13636 | Orc:2    | Bought a potion of cancellation for 112 gold pieces
 13636 | Orc:2    | Bought a potion of curing for 42 gold pieces
 13636 | Orc:2    | Bought a potion of curing for 42 gold pieces
 13636 | Orc:2    | Bought a potion of curing for 42 gold pieces
 13636 | Orc:2    | Bought a potion of curing for 42 gold pieces
 13636 | Orc:2    | Bought a potion of curing for 42 gold pieces
 13699 | Orc:2    | Noticed an orc warlord
 13710 | Orc:2    | Reached skill level 1 in Throwing
 13826 | Elf:1    | Entered Level 1 of the Elven Halls
 13851 | Elf:1    | Received a gift from Okawaru
 13852 | Elf:1    | Reached skill level 5 in Throwing
 13852 | Elf:1    | Reached XP level 16. HP: 122/145 MP: 15/22
 13959 | Elf:1    | Received a gift from Okawaru
 14112 | Elf:1    | Received a gift from Okawaru
 14150 | Elf:1    | Learned a level 2 spell: Passwall
 14335 | Elf:1    | Found Linwudgh's Weapon Emporium.
 14339 | Elf:1    | Bought 2 throwing nets for 96 gold pieces
 14358 | Elf:1    | Noticed a deep elf sorcerer
 14367 | Elf:1    | Killed a deep elf sorcerer
 14367 | Elf:1    | Received a gift from Okawaru
 14639 | Elf:1    | Received a gift from Okawaru
 14682 | Elf:1    | Identified the +5 eveningstar "Vuiriy" {elec, *Slow rElec
                  | Will- Str+8}
 14687 | Elf:1    | Reached skill level 10 in Throwing
 14689 | Elf:1    | Noticed a cacodemon
 14689 | Elf:1    | Noticed a Hell Sentinel
 14693 | Elf:1    | Noticed a Hell Sentinel
 14746 | Elf:1    | Received a gift from Okawaru
 14835 | Elf:1    | Found a runed translucent gate.
 14835 | Elf:1    | Found a runed translucent gate.
 14835 | Elf:1    | Found a runed translucent gate.
 14835 | Elf:1    | Found a runed translucent gate.
 14835 | Elf:1    | Found a runed translucent gate.
 14837 | Elf:1    | Noticed an iron dragon
 14837 | Elf:1    | Noticed an iron dragon
 14840 | Elf:1    | Found a runed translucent gate.
 14948 | Orc:2    | Killed an orc warlord
 15090 | Orc:2    | Glimpsed the power of Zot.
 15139 | D:10     | Glimpsed the power of Zot.
 15187 | D:8      | Glimpsed the power of Zot.
 15237 | Lair:3   | Glimpsed the power of Zot.
 15247 | Snake:1  | Entered Level 1 of the Snake Pit
 15318 | Snake:1  | Received a gift from Okawaru
 15360 | Snake:1  | Reached XP level 17. HP: 94/151 MP: 20/23
 15560 | Snake:1  | Got the Handbook of Scorching Clay
 15827 | Snake:2  | Reached skill level 15 in Throwing
 15830 | Snake:2  | Received a gift from Okawaru
 16313 | Snake:3  | Received a gift from Okawaru
 16430 | Snake:3  | Received a gift from Okawaru
 16486 | Snake:3  | Found Son Wywk's Firing Range.
 16503 | Snake:3  | Bought a throwing net for 33 gold pieces
 16503 | Snake:3  | Bought 4 javelins for 35 gold pieces
 16503 | Snake:3  | Bought 4 atropa-tipped darts for 26 gold pieces
 16658 | Snake:2  | Received a gift from Okawaru
 16688 | Snake:2  | Received a gift from Okawaru
 17055 | Snake:2  | Glimpsed the power of Zot.
 17107 | Snake:2  | Glimpsed the power of Zot.
 17146 | Snake:3  | Glimpsed the power of Zot.
 17155 | Snake:3  | Glimpsed the power of Zot.
 17156 | Snake:3  | Touched by the power of Zot.
 17160 | Snake:4  | Entered Level 4 of the Snake Pit
 17210 | Snake:4  | Reached skill level 15 in Fighting
 17213 | Snake:4  | Gained mutation: You passively map a large area around you.
                  | [Meteoran growth]
 17213 | Snake:4  | Reached XP level 18. HP: 113/125 MP: 20/24
 17378 | Snake:4  | Received a gift from Okawaru
 17624 | Snake:4  | Noticed Mara
 17631 | Snake:4  | Noticed dolemite99's illusion
 17659 | Snake:4  | HP: 11/249 [nagaraja/+0 halberd (5)]
 17659 | Snake:4  | Mangled by a naga warrior

Illustrated notes

Levels and vault maps discovered:
D:1:      amcnicky_arrival_gap_in_the_tavern_cellar, layout_loops_ring
D:2:      layout_basic, chequers_serial_rivers_marsh, minmay_tiny_reverse_x
D:3:      layout_loops_ring, minitemple, mainiacjoe_overflow_alcove_1,
          chequers_ecumenical_altar_simple, minmay_misc_feat_rugged,
          kennysheep_cluttered_room
D:4:      layout_loops_ring, nicolae_ru_path_of_blood,
          minmay_temple_entry_butterflies, ebering_ghost_gozag
D:5:      layout_gridville, cheibrodos_sewer_entry_sluice
D:6:      layout_basic, nicolae_tso_besieged_by_evil, nzn_wu_jian_contemplation,
          mrwooster_statue_mirror, uniq_duvessa
D:7:      layout_loops_corners, jmf_multi_god_temple, abandoned_shop,
          roderic_serpentine_path
D:8:      nicolae_BIG_FREAKIN_CUBE, layout_rooms, dpeg_lair_monsters,
          fungi_pond_lemuel, uniq_maurice
D:9:      layout_cave_pools, elyvilon_altar_4, serial_shops,
          nicolae_shop_behind_doors, nicolae_shop_behind_doors
D:10:     layout_basic, nemelex_spade_bored_becter
D:11:     layout_basic, yredelemnul_altar_generic, uniq_nergalle, uniq_lodul
D:12:     layout_roguey, enter_trove_1, special_room [special_room_orc],
          serial_shops, shop, uniq_snorg
D:13:     layout_gridville
D:14:     layout_gridville, ximxim_vaults_locker_room, serial_bayou_ford_a,
          einodemon_armed_red_devil_minivault
D:15:     gammafunk_depths_entry_grave, layout_irregular_city,
          maelrawn_ghost_gauntlet_escape, minmay_crystal_room,
          nicolae_figureground_sparkle
Temple:   corrupted_temple
Lair:1:   layout_chaotic_city, serial_bayou, serial_bayou_pond_a,
          serial_bayou_lagoon_b, serial_bayou_pond_e, serial_bayou_pond_e,
          gauntlet_entry_generic, minmay_hedge_maze, lemuel_oklob_altar,
          lemuel_fruit_tree, uniq_amaemon
Lair:2:   layout_cave_pods, chequers_serial_rivers_micro_d,
          eino_house_with_fridge
Lair:3:   layout_chaotic_city, minmay_snake_entry_guardpost_small,
          portal_ice_cave_demonic_guard, chequers_serial_rivers_micro_d
Lair:4:   layout_cave_pods, palyth_hydra_swamp_entry, nicolae_lair_lindhole
Lair:5:   wad_woods_structure_01, layout_cellular_growth,
          dreamdust_deal_with_the_devil, chequers_serial_rivers_small_b
Lair:6:   guppyfry_lair_end_dragon, layout_regular_city,
          hangedman_lair_caniforms_friends, nicolae_slime_entry_slimehenge,
          gammafunk_ghost_abyssal_escape, chequers_serial_rivers_large_a,
          uniq_kirke
Snake:1:  kennysheep_six_static_rooms, layout_misc_corridors, drop_trap,
          grunt_megastairs_3, uniq_louise
Snake:2:  layout_basic, serial_curves, eino_curves_04, eino_curves_03,
          eino_curves_02, grunt_ministairs_14, nicolae_snake_boneroom
Snake:3:  layout_cave_town, nicolae_shop_firing_range
Snake:4:  grunt_snake_rune_pools, layout_cave_shapes, serial_bayou_shore_b,
          uniq_mara
Orc:1:    layout_diamond_mine
Orc:2:    st_orc_rangers, layout_caves, ebering_ghost_xom
Elf:1:    eino_elf_arrival_customs, layout_geoelf_diagonals, mu_enter_wizlab_6,
          serial_shops, nicolae_shop_hallway_stairs, orc_legates,
          corexii_hall_statues_x
Elf:2:    elven_hall_of_blades_hangedman_original
          [nicolae_blade_entry_splitting_headache], layout_gridlike,
          abandoned_shop, minmay_misc_feat_pillars, nicolae_elf_deep_mausoleum

Skill      XL: |  1  2  3  4  5  6  7  8  9 10 11 12 13 14 15 16 17 18 |
---------------+-------------------------------------------------------+-----
Axes           | 3 4 6 8 9 11 15 17 18 21 23 | 23.7
Invocations    | 7 |  7.7
Fighting       | 5 8 10 13 15 | 15.8
Armour         | 8 10 12 13 | 13.4
Throwing       | 5 13 15 | 15.3
Shields        | |  3.6

Action                   |  1- 3 |  4- 6 |  7- 9 | 10-12 | 13-15 | 16-18 || total
-------------------------+-------+-------+-------+-------+-------+-------++-------
Melee: War axe           |    46 |   116 |   135 |   391 |    68 |       ||   756
       Unarmed           |       |       |       |     1 |       |       ||     1
       Executioner's axe |       |       |       |       |   522 |   485 ||  1007
       Dire flail        |       |       |       |       |     5 |       ||     5
Throw: Dart              |       |     3 |    17 |    11 |    79 |       ||   110
       Boomerang         |       |     3 |     7 |       |     7 |     4 ||    21
       Javelin           |       |       |       |       |       |    31 ||    31
Invok: Heroism           |       |       |     2 |    27 |    64 |    54 ||   147
       Finesse           |       |       |       |     6 |    15 |    17 ||    38
Evoke: Wand              |       |       |       |       |    12 |    18 ||    30
  Use: Scroll            |     3 |     9 |     6 |     7 |    12 |    20 ||    57
       Potion            |       |     1 |     3 |     1 |     1 |    27 ||    33
Armor: Scale mail        |    37 |       |       |       |       |       ||    37
       Chain mail        |       |   100 |    86 |       |       |   276 ||   462
       Plate armour      |       |       |       |   244 |   470 |   107 ||   821
Dodge: Dodged            |    21 |    52 |    36 |   112 |   305 |   225 ||   751
Block: Buckler           |    17 |    32 |    26 |   100 |    15 |       ||   190

Table legend: (Time is in decaauts)
 A = Elapsed time spent in this place.
 B = Non-inter-level travel time spent in this place.
 C = Inter-level travel time spent in this place.
 D = Time resting spent in this place.
 E = Time spent auto-exploring this place.
 F = Levels seen in this place.
 G = Mean time per level.
                   A        B        C        D        E       F      G
               +--------+--------+--------+--------+--------+-----+--------+
         Total |  17172 |  16065 |   1107 |   1925 |   6644 |  31 |  553.9 |
       Dungeon |   8952 |   8580 |    372 |   1062 |   3910 |  15 |  596.8 |
        Temple |      1 |      1 |      0 |      0 |      0 |   1 |    1.0 |
          Lair |   3710 |   3341 |    369 |    125 |   1713 |   6 |  618.3 |
     Snake Pit |   2232 |   1987 |    245 |    386 |    360 |   4 |  558.0 |
  Orcish Mines |   1146 |   1088 |     58 |      0 |    385 |   2 |  573.0 |
   Elven Halls |   1000 |    938 |     62 |    352 |    231 |   2 |  500.0 |
         Sewer |    128 |    128 |      0 |      0 |     44 |   1 |  128.0 |
               +--------+--------+--------+--------+--------+-----+--------+

Top non-repeatable levels by time:
  Lair:5: 1156 daAuts
   Elf:1: 998 daAuts
     D:7: 995 daAuts
  Lair:1: 965 daAuts
 Snake:2: 934 daAuts
    D:10: 911 daAuts
    D:13: 886 daAuts
     D:6: 863 daAuts
   Orc:2: 850 daAuts
     D:5: 835 daAuts
    D:12: 805 daAuts
  Lair:4: 684 daAuts
    D:11: 679 daAuts
     D:9: 596 daAuts
 Snake:1: 531 daAuts
